AoeStats
← 南瓜小公主

Arena

510310934Analyzed
3v3 RM · 4h ago on Sep 30, 2026· 50m 15s· 6 players
Game mode
Random Map
Map size
Normal (6 player)
Population
200
Speed
Normal
Resources
Standard
Victory
Conquest
Starting age
Dark Age
Ending age
Imperial Age
RankedLock teamsTeams togetherTeam positionsShared explorationLock speedFull tech treeHidden civsTurbo modeCheats
Victory
Defeat
🇹🇼 Persians · Taiwan
935
+15
🇹🇼 Aztecs · Taiwan
933
+15
🇹🇼 Burgundians · Taiwan
923
+15
🇪🇸 Byzantines · Spain
991
-19
🇪🇸 Aztecs · Spain
968
-17
🇪🇸 Vietnamese · Spain
754
-9
DankMeme128
4:46 Loom
11:11 Feudal Age
12:33 Double-Bit Axe
12:29 Horse Collar
13:11 Gold Mining
17:35 Castle Age
16:50 Man-at-Arms
18:51 Bow Saw
19:44 Pikeman
22:29 Fervor
22:30 Atonement
23:57 Fervor
26:37 Sanctity
27:29 Scale Mail Armor
27:29 Eagle Warrior
28:12 Squires
29:14 Murder Holes
29:40 Heavy Plow
29:50 Fletching
31:30 Gold Shaft Mining
32:06 Arson
33:38 Wheelbarrow
33:44 Wheelbarrow
34:01 Chain Mail Armor
34:36 Redemption
38:55 Imperial Age
36:38 Forging
36:45 Gambesons
36:20 Long Swordsman
37:36 Ballistics
36:39 Elite Skirmisher
36:41 Crossbowman
39:24 Two-Handed Swordsman
40:32 Siege Engineers
42:53 Block Printing
43:15 Iron Casting
42:06 Champion
45:33 Blast Furnace
45:08 Plate Mail Armor
45:01 Hand Cart
47:51 Chemistry
47:55 Blast Furnace
47:22 Conscription
51:33 Blast Furnace
Chasqui
1:03 Loom
12:14 Feudal Age
13:01 Double-Bit Axe
13:01 Horse Collar
13:14 Stone Mining
13:16 Gold Mining
16:16 Wheelbarrow
20:17 Town Watch
23:49 Castle Age
22:33 Padded Archer Armor
22:25 Fletching
24:47 Hand Cart
24:48 Bow Saw
24:41 Heavy Plow
25:22 Stone Shaft Mining
25:28 Caravan
25:47 Forging
26:57 Bodkin Arrow
28:20 Leather Archer Armor
28:19 Masonry
29:45 Town Patrol
30:06 Fortified Wall
31:13 Treadmill Crane
31:55 Elite Skirmisher
33:42 Squires
34:37 Ballistics
35:20 Scale Mail Armor
35:26 Scale Barding Armor
35:58 Iron Casting
35:26 Murder Holes
35:34 Guard Tower
36:25 Sanctity
36:07 Devotion
37:37 Chain Barding Armor
37:59 Chatras
38:55 Husbandry
38:21 Light Cavalry
39:16 Bloodlines
42:25 Imperial Age
40:59 Chain Mail Armor
40:33 Pikeman
44:28 Chemistry
43:45 Siege Engineers
44:16 Ring Archer Armor
43:27 Imperial Skirmisher
45:38 Bracer
48:45 Man-at-Arms
Odiseo
9:21 Feudal Age
9:47 Horse Collar
9:53 Double-Bit Axe
17:17 Castle Age
18:12 Heavy Plow
18:23 Bow Saw
19:30 Wheelbarrow
19:50 Gold Mining
20:48 Stone Mining
22:48 Hand Cart
22:21 Loom
24:39 Stone Shaft Mining
24:39 Fletching
25:00 Forging
26:44 Bodkin Arrow
27:24 Iron Casting
31:26 Imperial Age
33:02 Conscription
35:48 Pikeman
36:29 Squires
36:15 Arson
35:51 Elite Varangian Guard
37:08 Scale Barding Armor
37:03 Bracer
38:05 Guilds
38:45 Murder Holes
39:28 Hoardings
38:36 Halberdier
40:05 Elite Cataphract
40:18 Capped Ram
41:33 Chain Barding Armor
41:13 Scale Mail Armor
41:48 Treadmill Crane
43:45 Logistica
44:50 Chain Mail Armor
45:12 Plate Barding Armor
44:54 Chain Mail Armor
Dai_Chen
0:41 Loom
10:18 Feudal Age
15:53 Castle Age
15:37 Forging
16:53 Double-Bit Axe
27:40 Bow Saw
27:24 Pikeman
28:32 Horse Collar
29:44 Kamandaran
30:06 Crossbowman
30:51 Thumb Ring
34:35 Imperial Age
36:00 Chemistry
36:43 Wheelbarrow
36:32 Ballistics
36:08 Murder Holes
36:12 Fletching
38:21 Devotion
38:45 Masonry
39:06 Thumb Ring
40:10 Two-Man Saw
39:17 Heavy Plow
39:35 Husbandry
39:46 Bloodlines
40:50 Hand Cart
40:22 Town Watch
40:33 Bodkin Arrow
40:44 Scale Barding Armor
41:29 Cavalier
42:19 Bloodlines
42:58 Gold Mining
43:12 Halberdier
45:03 Town Patrol
45:52 Savar
47:41 Padded Archer Armor
48:02 Chain Barding Armor
48:19 Iron Casting
48:17 Architecture
南瓜小公主
0:29 Loom
11:15 Feudal Age
12:42 Wheelbarrow
16:20 Castle Age
14:17 Double-Bit Axe
18:37 Fervor
18:27 Gold Mining
23:38 Gold Shaft Mining
23:16 Bow Saw
24:11 Devotion
24:24 Stone Mining
24:50 Horse Collar
25:48 Hand Cart
31:08 Imperial Age
28:24 Town Watch
29:02 Heavy Plow
30:53 Stone Shaft Mining
30:36 Forging
30:27 Scale Mail Armor
30:28 Treadmill Crane
31:12 Caravan
31:42 Coinage
31:06 Fletching
31:44 Squires
31:05 Eagle Warrior
32:54 Crop Rotation
34:19 Elite Eagle Warrior
36:03 Iron Casting
35:43 Chain Mail Armor
38:12 Conscription
39:48 Blast Furnace
39:19 Plate Mail Armor
38:38 Arrowslits
38:49 Murder Holes
39:05 Fortified Wall
39:01 Siege Engineers
39:18 Ballistics
40:21 Elite Jaguar Warrior
41:56 Garland Wars
43:26 Bodkin Arrow
43:32 Padded Archer Armor
44:04 Banking
yang101310427
10:59 Feudal Age
10:01 Loom
10:26 Double-Bit Axe
15:19 Castle Age
14:05 Wheelbarrow
13:42 Bow Saw
13:26 Horse Collar
20:53 Hand Cart
22:10 Gold Mining
24:29 Caravan
25:21 Heavy Plow
26:47 Two-Man Saw
26:12 Stone Mining
29:39 Imperial Age
27:04 Treadmill Crane
27:20 Murder Holes
27:50 Forging
27:45 Scale Barding Armor
27:31 Fletching
27:43 Padded Archer Armor
27:37 Town Watch
29:37 Iron Casting
28:25 Cavalier
29:06 Husbandry
29:22 Crossbowman
31:51 Chemistry
30:36 Arrowslits
33:20 Gold Shaft Mining
33:20 Stone Shaft Mining
33:57 Devotion
36:15 Paladin
36:39 Pikeman
37:20 Squires
37:05 Arson
38:58 Blast Furnace
38:18 Chain Barding Armor
38:16 Guilds
38:36 Halberdier
39:20 Bodkin Arrow
39:26 Scale Mail Armor
40:16 Conscription
40:02 Burgundian Vineyards
45:20 Plate Barding Armor
45:00 Chain Mail Armor
48:42 Town Patrol
48:15 Flemish Revolution
Connection lost

Rejoining the realm…

Still unreachable

The connection could not be restored.

Session expired

The server has moved on; the page needs a fresh start.